cohdb
Replays
Latest Replays
All Replays
Popular Replays
Top Player Replays
Match Explorer
How It Works
Community
CoH3 Stats
Reddit
Sign in to upload your games and track your stats! →
Sign in with Steam
Match 44137242
Unlisted
Match 44137242
Overview
Messages
Build Orders
End
Construct Weapon Support Center
Selects Heavy Weapons
Engineer Squad
M1919 Machine Gun Team
M1919 Machine Gun Team
Sniper
Selects M2HB .50cal Heavy Machine Gun
Selects Assault Carriers
Bazooka Squad
Mechanized Support Center
Construct Motor Pool
Selects Halftrack Strongpoints
M24 Chaffee Light Tank
M24 Chaffee Light Tank
蜻蜓队长
BubbleWind
Mowferless
无胡
Geoffrey Bisol
RaRBoszZ
GUYFUN
vincent
0
0
Comments
sign in to comment!
No comments posted yet!